 Dungeon Crawl Stone Soup version 0.23.2-33-g5129a83184 (webtiles) character file.

Game seed: 14227926690770904692

6224 MalarOregon the Skirmisher (level 10, -1/86 HPs)
             Began as a Ghoul Earth Elementalist on July 15, 2019.
             Was a Believer of Kikubaaqudgha.
             Slain by a five-headed hydra (17 damage)
             ... on level 10 of the Dungeon.
             The game lasted 00:25:19 (11685 turns).

MalarOregon the Skirmisher (GhEE)                  Turns: 11685, Time: 00:25:20

Health: -1/86      AC:  8    Str: 13    XL:     10   Next: 92%
Magic:  11/15      EV: 14    Int: 13    God:    Kikubaaqudgha [**....]
Gold:   459        SH:  0    Dex: 12    Spells: 7/17 levels left

rFire    . . .     SeeInvis .   z - +5 dire flail (protect)
rCold    + . .     Gourm    .   (shield currently unavailable)
rNeg     + + +     Faith    .   p - +0 robe
rPois    ∞         Spirit   .   g - +1 helmet
rElec    .         Reflect  .   u - +2 cloak
rCorr    .         Harm     .   (no gloves)
MR       +....                  n - +0 pair of boots
Stlth    ++........             (no amulet)
HPRegen  0.00/turn              l - ring of protection from magic
MPRegen  0.14/turn              k - +3 ring of dexterity

@: rotting
A: rotting body, claws 1, carnivore, cold resistance 1, negative energy
resistance 3, inhibited regeneration, torment resistance, unbreathing
a: Receive Corpses, Renounce Religion


You were on level 10 of the Dungeon.
You worshipped Kikubaaqudgha.
Kikubaaqudgha was pleased with you.
You were not hungry.

You visited 2 branches of the dungeon, and saw 11 of its levels.

You collected 459 gold pieces.

Inventory:

Hand Weapons
 i - a cursed +5 mace
   (You took it off a wight on level 9 of the Dungeon)
 o - a +0 blowgun
   (You took it off a kobold on level 3 of the Dungeon)
 z - a +5 dire flail of protection (weapon)
   (You took it off Edmund on level 5 of the Dungeon)
Missiles
 b - 19 stones (quivered)
 q - 21 poisoned needles
Armour
 g - a +1 helmet (worn)
   (You took it off Robin on level 2 of the Dungeon)
 n - a +0 pair of boots (worn)
   (You found it on level 2 of the Dungeon)
 p - a +0 robe (worn)
   (You found it on level 1 of the Dungeon)
 u - a +2 cloak (worn)
   (You found it on level 2 of the Dungeon)
Jewellery
 a - an uncursed amulet of faith {unknown}
   (You found it on level 9 of the Dungeon)
 j - a +6 ring of intelligence
   (You found it on level 3 of the Dungeon)
 k - a +3 ring of dexterity (right claw)
   (You found it on level 3 of the Dungeon)
 l - a ring of protection from magic (left claw)
   (You found it on level 4 of the Dungeon)
 v - an uncursed amulet of the acrobat
   (You took it off a wight on level 9 of the Dungeon)
 F - an uncursed amulet of the acrobat
   (You found it on level 7 of the Dungeon)
Wands
 d - a wand of iceblast (9)
   (You took it off an orc on level 6 of the Dungeon)
 w - a wand of scattershot (4)
   (You took it off Ijyb on level 5 of the Dungeon)
 D - a wand of clouds (6)
   (You found it on level 7 of the Dungeon)
Scrolls
 h - 7 scrolls of remove curse {@r2}
 r - a scroll of blinking
 s - 5 scrolls of teleportation {@r4}
 y - a scroll of immolation {!r}
 A - 3 scrolls of identify {@r1}
 G - 2 scrolls of fog
Potions
 c - 3 potions of flight
 f - 3 potions of curing {@q1}
 m - 4 potions of heal wounds {@q2}
 t - a potion of might {unknown}
 C - 2 potions of invisibility {unknown}
Comestibles
 e - 15 rations {!d}


   Skills:
 + Level 7.4 Fighting
 - Level 6.1 Maces & Flails
 - Level 4.2 Dodging
 - Level 2.1 Stealth
   Level 4.3 Shields
 - Level 4.1 Spellcasting
 - Level 4.0 Conjurations
 - Level 5.0 Necromancy
 - Level 4.0 Transmutations
 - Level 7.0 Earth Magic


You had 7 spell levels left.
You knew the following spells:

 Your Spells              Type           Power        Failure   Level  Hunger
a - Sandblast             Erth           ###...       1%          1    None
b - Petrify               Tmut/Erth      ###.....     22%         4    ####...
q - Passwall              Tmut/Erth      ###.....     3%          2    ##.....
x - Stone Arrow           Conj/Erth      ###...       6%          3    ###....

Your spell library contained the following spells:

 Spells                   Type           Power        Failure   Level  Hunger
 Animate Skeleton         Necr           N/A          2%          1    None
 Pain                     Necr           ###.         2%          1    None
 Corpse Rot               Necr           N/A          3%          2    ##.....
 Regeneration             Chrm/Necr      #.........   22%         3    ###....
 Lee's Rapid Deconstruct  Erth           ###.......   32%         5    ######.


Dungeon Overview and Level Annotations

Branches:
Dungeon (10/15)            Temple (1/1) D:6
   Lair: D:8-11         Orc: D:9-12

Altars:
Ashenzari
Cheibriados
Dithmenos
Elyvilon
Fedhas
Gozag
Hepliaklqana
Kikubaaqudgha
Makhleb
Nemelex Xobeh
Okawaru
Qazlal
Ru
Sif Muna
Trog
Uskayaw
Vehumet
Wu Jian
Xom
Yredelemnul
Zin
The Shining One

Shops:
D:5 [


Innate Abilities, Weirdness & Mutations

Your body is rotting away.
You thrive on raw meat.
You are immune to poison.
You have sharp fingernails.
You are carnivorous and can eat meat at any time.
Your flesh is cold resistant. (rC+)
You are immune to negative energy. (rN+++)
You do not regenerate when monsters are visible.
You are immune to unholy pain and torment.
You can survive without breathing.


Message History

A killer bee comes into view.
There is an open door here.
You can't see any susceptible monsters within range! (Use Z to cast anyway.)
A killer bee comes into view.
You can't see any susceptible monsters within range! (Use Z to cast anyway.)
The killer bee buzzes angrily. x2
You can't see any susceptible monsters within range! (Use Z to cast anyway.)
Aim: a killer bee The blast of sand hits the killer bee!
b - 24 stones The killer bee buzzes angrily.
The killer bee misses you.
Aim: a killer bee (heavily wounded)
The blast of sand hits the killer bee!
b - 23 stones The killer bee stings you but does no damage. x2
Aim: a killer bee (almost dead)
The blast of sand hits the killer bee!
You kill the killer bee!
Kikubaaqudgha accepts your kill.
b - 22 stones
Aim: a five-headed hydra The blast of sand misses the five-headed hydra.
The blast of sand hits the killer bee!
b - 21 stones
Aim: a five-headed hydra The blast of sand hits the five-headed hydra.
b - 20 stones The five-headed hydra bites you but does no damage.
The five-headed hydra bites you! x3
* * * LOW HITPOINT WARNING * * *
The five-headed hydra bites you!
* * * LOW HITPOINT WARNING * * *
Aim: a five-headed hydra (lightly wounded)
The blast of sand hits the five-headed hydra!
b - 19 stones The five-headed hydra bites you!
* * * LOW HITPOINT WARNING * * *
The five-headed hydra bites you!
* * * LOW HITPOINT WARNING * * *
The five-headed hydra completely misses you.
The five-headed hydra bites you but does no damage.
The five-headed hydra barely misses you.
Okay, then.
There is an open door here.
Aim: a five-headed hydra (lightly wounded)
The burst of metal fragments hits the five-headed hydra! x4
The five-headed hydra bites you!
You die...
Kikubaaqudgha rasps: "You have failed me!
Welcome... oblivion!"

... ..## #####...##
#........# ######+#
#........# ###......#
#........# #.'....<.#
#[.......###.#......#
#.......yyD@.#...>..#
#.......y#####......###
#........# #........#
#.......y# ####'#####
#........# #..##
######'### ##.<## #?#
##..# #.# ##.# #.# #+#


You could see a five-headed hydra and 3 killer bees.

Vanquished Creatures
  A two-headed ogre (D:8)
  A deep elf mage (D:9)
  A hornet (D:9)
  Grinder (D:5)
  2 hippogriffs (D:9)
  Edmund (D:5)
  An ice beast (D:7)
  2 orc warriors
  A phantom (D:6)
  A sky beast (D:9)
  2 centaurs
  6 ogres
  A crocodile (D:8)
  A big kobold (D:8)
  7 bullfrogs
  2 scorpions (D:4)
  15 killer bees
  5 wights (D:9)
  4 howler monkeys
  2 centaur zombies
  4 crimson imps
  4 orc priests
  A centaur skeleton (D:9)
  4 hounds
  6 iguanas
  Ijyb (D:5)
  Terence (D:3)
  Natasha (thrice) (D:4)
  7 orc wizards
  7 worker ants
  A hound zombie (D:7)
  A howler monkey zombie (D:6)
  Robin (D:2)
  15 adders
  3 shadow imps
  2 oozes
  2 adder zombies
  2 adder skeletons (D:9)
  3 worms (D:2)
  A dart slug (D:3)
  6 leopard geckos
  42 orcs
  5 giant cockroaches
  7 hobgoblins
  8 jackals
  10 kobolds
  3 quokkas
  A ball python (D:3)
  4 bats
  2 frilled lizards (D:4)
  17 goblins
  A leopard gecko skeleton (D:6)
  2 quokka skeletons
  6 rats
240 creatures vanquished.

Notes
Turn   | Place    | Note
-------+----------+-------------------------------------------
     0 | D:1      | MalarOregon the Ghoul Earth Elementalist began the quest
                  | for the Orb.
     0 | D:1      | Reached XP level 1. HP: 14/14 MP: 2/2
   406 | D:1      | Reached XP level 2. HP: 19/19 MP: 0/3
   494 | D:1      | Found a shattered altar of Ashenzari.
   767 | D:1      | Reached XP level 3. HP: 21/27 MP: 2/4
   832 | D:1      | Learned a level 2 spell: Passwall
   904 | D:2      | Reached skill level 1 in Fighting
   990 | D:2      | Reached skill level 1 in Transmutations
  1021 | D:2      | Noticed Robin
  1364 | D:2      | Reached XP level 4. HP: 36/36 MP: 5/5
  1537 | D:2      | Learned a level 3 spell: Stone Arrow
  2015 | D:2      | Killed Robin
  2041 | D:2      | Reached XP level 5. HP: 14/42 MP: 7/7
  2310 | D:2      | Found a faded altar of an unknown god.
  2646 | D:3      | Noticed Terence
  2658 | D:3      | Killed Terence
  2678 | D:3      | Reached skill level 1 in Conjurations
  3166 | D:4      | Reached skill level 5 in Earth Magic
  3166 | D:4      | Reached XP level 6. HP: 51/51 MP: 8/8
  3214 | D:4      | Reached skill level 1 in Shields
  3226 | D:4      | Noticed Natasha
  3238 | D:4      | Killed Natasha
  3392 | D:4      | Reached XP level 7. HP: 41/60 MP: 9/9
  3709 | D:4      | Noticed Natasha
  3723 | D:4      | Killed Natasha
  3726 | D:4      | Noticed Natasha
  3735 | D:4      | Killed Natasha
  3735 | D:4      | Reached skill level 5 in Fighting
  3806 | D:5      | Entered Level 5 of the Dungeon
  4123 | D:5      | Found Vuovil's Armour Shop.
  4151 | D:5      | Found a burning altar of Makhleb.
  4273 | D:5      | Noticed Ijyb
  4297 | D:5      | Killed Ijyb
  4342 | D:5      | Noticed Grinder
  4363 | D:5      | Killed Grinder
  4363 | D:5      | Reached XP level 8. HP: 54/68 MP: 10/10
  4527 | D:5      | Noticed Edmund
  4555 | D:5      | Killed Edmund
  5775 | D:6      | Found a staircase to the Ecumenical Temple.
  5834 | Temple   | Entered the Ecumenical Temple
  5937 | Temple   | Became a worshipper of Kikubaaqudgha
  6488 | D:6      | Reached XP level 9. HP: 57/76 MP: 11/11
  6494 | D:6      | Reached * piety under Kikubaaqudgha
  6494 | D:6      | Identified Kikubaaqudgha's Catalogue of Sinister Secrets
                  | (Kikubaaqudgha gifted it to you on level 6 of the Dungeon)
  6494 | D:6      | Received a gift from Kikubaaqudgha
  7136 | D:7      | You fall through a shaft!
  7405 | D:8      | Noticed a two-headed ogre
  7953 | D:7      | Reached skill level 1 in Necromancy
  8165 | D:7      | HP: 2/79 [orc warrior/+0 battleaxe (10)]
  8472 | D:7      | Learned a level 4 spell: Petrify
  9316 | D:8      | Reached skill level 5 in Necromancy
  9806 | D:7      | Reached ** piety under Kikubaaqudgha
  9806 | D:7      | Reached XP level 10. HP: 42/85 MP: 5/14
 10076 | D:8      | Reached skill level 1 in Maces & Flails
 10223 | D:8      | Killed a two-headed ogre
 10879 | D:9      | Reached skill level 5 in Maces & Flails
 11205 | D:9      | Noticed a deep elf mage
 11213 | D:9      | Killed a deep elf mage
 11646 | D:10     | Entered Level 10 of the Dungeon
 11668 | D:10     | Noticed a five-headed hydra
 11685 | D:10     | Slain by a five-headed hydra

Skill      XL: |  1  2  3  4  5  6  7  8  9 10 |
---------------+-------------------------------+-----
Earth Magic    | 4 5 6 7 |  7.0
Fighting       | 1 2 3 4 5 6 7 |  7.4
Transmutations | 1 2 3 4 |  4.0
Dodging        | 2 4 |  4.2
Spellcasting   | 2 3 4 |  4.1
Conjurations   | 1 2 3 4 |  4.0
Shields        | 1 4 |  4.3
Necromancy     | 5 |  5.0
Maces & Flails | 6 |  6.1
Stealth        | |  2.1

Action                   |  1- 3 |  4- 6 |  7- 9 | 10-12 || total
-------------------------+-------+-------+-------+-------++-------
Melee: Unarmed           |   113 |    32 |       |       ||   145
       Dagger            |       |   175 |   524 |       ||   699
       Mace              |       |       |    99 |       ||    99
       Dire flail        |       |       |       |   100 ||   100
 Cast: Sandblast         |    23 |    12 |   103 |    58 ||   196
       Stone Arrow       |       |       |    10 |    10 ||    20
       Passwall          |       |       |     1 |       ||     1
Evoke: Wand              |       |       |       |     2 ||     2
  Use: Potion            |     1 |     5 |     1 |       ||     7
       Scroll            |       |     9 |     7 |       ||    16
 Stab: Sleeping          |     4 |     4 |     4 |       ||    12
       Distracted        |       |       |     1 |       ||     1
  Eat: Chunk             |     8 |    14 |    32 |    20 ||    74
       Ration            |       |     1 |     1 |       ||     2
Armor: Robe              |    35 |    57 |   269 |    62 ||   423
Dodge: Dodged            |   107 |   116 |   421 |   110 ||   754
Block: Buckler           |       |     4 |   177 |       ||   181
